[Event "*** Titled Tuesday Blitz"]
[Site "Chess.com"]
[Date "2020.04.21"]
[Round "8"]
[White "Grineva_Marianna"]
[Black "masteryoungK"]
[Result "0-1"]
[WhiteElo "2194"]
[BlackElo "2398"]
[TimeControl "180+1"]
[EndTime "11:39:05 PDT"]
[Termination "masteryoungK won on time"]

1. d4 Nf6 2. c4 g6 3. Nc3 d5 4. Bf4 Bg7 5. e3 O-O 6. Rc1 c6 7. Nf3 Bg4 8. h3 Bxf3 9. Qxf3 Qb6 10. b3 Qa5 11. Qd1 Ne4 12. Qc2 Nd7 13. Bd3 e5 14. dxe5 Nxe5 15. Bxe4 dxe4 16. Qxe4 Rad8 17. O-O Nd3 18.
Na4 Nxc1 19. Rxc1 Rfe8 20. Qf3 Qd2 21. Rf1 Qxa2 22. Nc5 b6 23. Nb7 Rd2 24. Qxc6 Rf8 25. Bd6 Qxb3 26. Bxf8 Bxf8 27. Qc8 Kg7 28. Nd8 Bc5 29. Qc7 Qxc4 30. Nb7 Rc2 31. Qe5+ Kg8 32. Qe8+ Bf8 33. Nd8 Rd2 34. Ra1 Qd5 35. Rxa7 Rd1+ 36. Kh2 Qd6+ 37. f4 Qd5 0-1

[Event "*** Titled Tuesday Blitz"]
[Site "Chess.com"]
[Date "2020.04.21"]
[Round "8"]
[White "Alexander_Moskalenko"]
[Black "Kezin_Roman"]
[Result "1-0"]
[WhiteElo "2903"]
[BlackElo "2748"]
[TimeControl "180+1"]
[EndTime "11:39:06 PDT"]
[Termination "Alexander_Moskalenko won by resignation"]

1. Nf3 d5 2. c4 d4 3. b4 g5 4. Bb2 c5 5. bxc5 Nc6 6. e3 e5 7. Nxe5 Nxe5 8. exd4 Ng6 9. Qe2+ Qe7 10. d5 Qxe2+ 11. Bxe2 Bxc5 12. Bxh8 Nxh8 13. h4 g4 14. Nc3 Nf6 15. h5 Bd4 16. Rb1 Bxc3 17. dxc3 Ne4 18. Bd3 f5 19. Bxe4 fxe4 20. c5 Nf7 21. Rb4 Ng5 22. h6 Kf7 23. Kd2 Kf6 24. Ke3 a5 25. Rb6+ Kf5 26. Rh5 a4 27. c6 bxc6 28. Rxc6 Bd7 29.
Rc7 Be8 30. Rh1 Nf7 31. c4 Rd8 32. Kd4 Kg6 33. Rb7 Rc8 34. c5 Kg5 35. c6 Nxh6 36. Rxh7 Nf5+ 37. Kc5 Bg6 38. Rh8 Rc7 39. d6 Nxd6 40.
Kxd6 Ra7 41. c7 Bf5 42. R1h5+ 1-0

[Event "*** Titled Tuesday Blitz"]
[Site "Chess.com"]
[Date "2020.04.21"]
[Round "8"]
[White "RaunakSadhwani2005"]
[Black "Caracternin123"]
[Result "0-1"]
[WhiteElo "2753"]
[BlackElo "2647"]
[TimeControl "180+1"]
[EndTime "11:39:06 PDT"]
[Termination "Caracternin123 won by resignation"]

1. e4 Nf6 2. e5 Nd5 3. d4 d6 4. Nf3 g6 5. Bc4 Nb6 6. Bb3 Bg7 7. Qe2 O-O 8. h3 c5 9. dxc5 dxc5 10. O-O c4 11. Bxc4 Nxc4 12. Qxc4 Nc6 13. Bf4 Qb6 14. Qb3 Bf5 15. Qxb6 axb6 16. c3 Ra5 17. Nbd2 Rfa8 18. a3 Rb5 19. b4 Nxe5 20. Bxe5 Bxe5 21. Nxe5 Rxe5 22. Nc4 Re6 23. Rfd1 Rc6 24. Ne3 Rxc3 25. Nxf5 gxf5 26. Rd7 e6 27. Rxb7 Rcxa3 28. Rxa3 Rxa3 29. Rxb6 Rb3 30. g3 Kg7 31. Kg2 h5 32. h4 e5 33.
Rb8 e4 34. b5 Rb2 35. Kf1 Kf6 36. b6 f4 37. Rh8 f3 38. Ke1 Kg6 39. Rb8 Kf5 40.
b7 f6 41. Kd1 e3 42. Kc1 Rxb7 43. Rxb7 exf2 44. Kd2 f1=Q 0-1

[Event "*** Titled Tuesday Blitz"]
[Site "Chess.com"]
[Date "2020.04.21"]
[Round "8"]
[White "stoleriu"]
[Black "KrolPawel92OnTwitch"]
[Result "1-0"]
[WhiteElo "2529"]
[BlackElo "2676"]
[TimeControl "180+1"]
[EndTime "11:39:06 PDT"]
[Termination "stoleriu won by resignation"]

1. e4 c5 2. Nf3 e6 3. b3 Nc6 4. Bb2 Nf6 5. d3 d5 6. Nbd2 Be7 7. g3 O-O 8. Bg2 d4 9. O-O e5 10. Nc4 Nd7 11. a4 Rb8 12. Ne1 b6 13. f4 a6 14. Nf3 f6 15. Nh4 b5 16. axb5 axb5 17. Nd2 Nb6 18. Bf3 Be6 19. Bg4 Bf7 20. Ndf3 g6 21. fxe5 fxe5 22. Ng2 h5 23. Bh3 g5 24. Bf5 c4 25. bxc4 bxc4 26. Ba3 g4 27. Bxe7 Qxe7 28.
Nfh4 Qg5 29. Rf2 Ra8 30. Rxa8 Rxa8 31. Bh7+ Kg7 32. Qf1 Nd8 33. Rf5 Qh6 34. Rxf7+ Nxf7 35. Nf5+ Kxh7 36. Nxh6 Nxh6 37. Nh4 cxd3 38. cxd3 Ra3 39.
Qf6 Ra1+ 40. Kf2 Ra2+ 41. Ke1 Na4 42. Qg6+ Kh8 43. Qxh6+ Kg8 44. Qe6+ Kg7 45. Qxa2 Nc3 46. Qa7+ 1-0

[Event "*** Titled Tuesday Blitz"]
[Site "Chess.com"]
[Date "2020.04.21"]
[Round "8"]
[White "AleksanderHnydiuk"]
[Black "Nastya_Rakhmangulova"]
[Result "1-0"]
[WhiteElo "2578"]
[BlackElo "2390"]
[TimeControl "180+1"]
[EndTime "11:39:06 PDT"]
[Termination "AleksanderHnydiuk won by resignation"]

1. d4 d5 2. c4 c6 3. cxd5 cxd5 4. Bf4 Nc6 5. e3 Nf6 6. Nc3 Bf5 7. Qb3 Qd7 8. Nf3 a6 9. Be2 e6 10. O-O Be7 11.
Na4 Na5 12. Qd1 Qd8 13. Rc1 Rc8 14. Rxc8 Qxc8 15. Ne5 O-O 16. Qd2 Nc4 17. Nxc4 dxc4 18. Nb6 Qc6 19. Nxc4 Ne4 20. Qa5 Rc8 21. f3 Nf6 22. e4 Bxe4 23. fxe4 Qxe4 24. Qd2 b5 25. Bf3 Qf5 26. Nd6 Bxd6 27. Bxd6 Rd8 28. Bg3 Qg6 29. Rc1 h5 30. Qc2 Qg5 31. Qc7 h4 32. Qxd8+ Kh7 33. Rf1 hxg3 34. hxg3 Qe3+ 35. Kh2 Nd5 36. Qh4+ Kg8 37.
Bxd5 exd5 38. Qd8+ Kh7 39. Qh4+ Kg8 40. Qf4 Qe2 41. Qxf7+ 1-0

[Event "*** Titled Tuesday Blitz"]
[Site "Chess.com"]
[Date "2020.04.21"]
[Round "8"]
[White "MusicCityMaster"]
[Black "NastaJ"]
[Result "0-1"]
[WhiteElo "2276"]
[BlackElo "1950"]
[TimeControl "180+1"]
[EndTime "11:39:06 PDT"]
[Termination "NastaJ won by checkmate"]

1. e4 c6 2. d3 d5 3. Nd2 e5 4. Ngf3 Bg4 5. h3 Bxf3 6. Qxf3 Nf6 7. g3 Nbd7 8. Bg2 Bd6 9. O-O O-O 10. Qe2 Nb6 11. a4 a5 12. b3 Re8 13. Bb2 Rc8 14.
Nf3 Nbd7 15. Nh4 Bb8 16. Nf5 Nf8 17. Kh1 Ne6 18. Rae1 d4 19. Bc1 b5 20. Bd2 Nc5 21. axb5 cxb5 22. f4 Na6 23. fxe5 Bxe5 24. Bg5 Nb4 25.
Rc1 Qc7 26. Qf3 Na2 27. Nxg7 Nxc1 28. Bxf6 Bxf6 29. Qxf6 Ne2 30. Rf3 Nxg3+ 31. Kg1 Ne2+ 32. Kf2 Nc3 33. Nxe8 Rxe8 34. Rg3+ Kf8 35. h4 Qe5 36. Qh6+ Ke7 37. Rf3 Rg8 38. Bh3 Qh2+ 39. Kf1 Qe2# 0-1

[Event "*** Titled Tuesday Blitz"]
[Site "Chess.com"]
[Date "2020.04.21"]
[Round "8"]
[White "AsaHoffmann"]
[Black "GmSergioBarrientos"]
[Result "0-1"]
[WhiteElo "2356"]
[BlackElo "2574"]
[TimeControl "180+1"]
[EndTime "11:39:07 PDT"]
[Termination "GmSergioBarrientos won by resignation"]

1. d4 Nf6 2. Bg5 e6 3. Nd2 c5 4. e3 cxd4 5. exd4 Be7 6. Bd3 b6 7. Ngf3 Bb7 8. c3 h6 9. Bh4 d6 10. O-O Nbd7 11. Qe2 O-O 12. h3 Re8 13. Bg3 a6 14. a4 Qc7 15. Rfe1 Bf8 16. Nc4 Qc6 17. Qf1 Nd5 18. Ncd2 N7f6 19. Ne4 Red8 20. c4 Nb4 21. Nxf6+ gxf6 22. Be4 Qc8 23. Rac1 f5 24. Bxb7 Qxb7 25. Qe2 Bg7 26. Qe3 b5 27. axb5 axb5 28. c5 dxc5 29. dxc5 Nd3 30. c6 Qc8 31. c7 Rd7 32. Qb6 f4 33.
Bh4 Nxe1 34. Nxe1 Be5 35. Bd8 Rxd8 36. cxd8=Q+ Qxd8 37.
Qxb5 Qd2 38. Rb1 Bd4 39. Qf1 Bb6 40. Nf3 Qc2 41. b4 Bxf2+ 42. Kh1 Ra2 43. b5 Bb6 44. Rc1 Qe4 45. Re1 Be3 46. b6 Rb2 47.
Qa6 Qc2 48. Qa8+ Kg7 49. Nh4 Qf2 50. Rd1 Qxh4 51. b7 Rxg2 52. Kxg2 Qg3+ 0-1

[Event "*** Titled Tuesday Blitz"]
[Site "Chess.com"]
[Date "2020.04.21"]
[Round "8"]
[White "Eliwood44"]
[Black "DACF2905"]
[Result "0-1"]
[WhiteElo "2309"]
[BlackElo "2183"]
[TimeControl "180+1"]
[EndTime "11:39:07 PDT"]
[Termination "DACF2905 won by resignation"]

1. d4 Nf6 2. Nf3 e6 3. g3 b6 4. Bg2 Bb7 5. O-O Be7 6. c4 O-O 7. Nc3 d5 8. cxd5 exd5 9. Bf4 Nbd7 10. Qa4 c6 11. Ne5 Nxe5 12. dxe5 Nd7 13. e4 Nc5 14.
Qc2 d4 15. Na4 Ne6 16. Rfd1 b5 17. Nc3 Qb6 18. Ne2 c5 19. a4 a6 20. a5 Qc7 21. b4 c4 22. Nxd4 Nxf4 23. gxf4 Bxb4 24. Nf5 Rad8 25. Qe2 Bc8 26. Qg4 g6 27. Qg5 Rde8 28. Nh6+ Kg7 29. Nf5+ Bxf5 30. exf5 f6 31. exf6+ Rxf6 32.
fxg6 hxg6 33. Qg4 Qxf4 34. Rd7+ Re7 35. Rxe7+ Bxe7 36. Qxf4 Rxf4 37. Bb7 Rf6 38. Rd1 Bb4 39. Rd7+ Kh6 40. Rc7 Bxa5 41. Rc8 Be1 42. f3 Bd2 43. Kg2 c3 44. Be4 b4 45. h4 Kg7 46. Rc7+ Kf8 47. Kg3 Bf4+ 48. Kg4 Bxc7 0-1

[Event "*** Titled Tuesday Blitz"]
[Site "Chess.com"]
[Date "2020.04.21"]
[Round "8"]
[White "OparinGrigoriy"]
[Black "mrsavic77"]
[Result "0-1"]
[WhiteElo "2897"]
[BlackElo "2780"]
[TimeControl "180+1"]
[EndTime "11:39:08 PDT"]
[Termination "mrsavic77 won by checkmate"]

1. Nf3 Nf6 2. g3 e6 3. Bg2 d5 4. c4 Be7 5. d4 O-O 6. Nc3 c6 7.
b3 b6 8. O-O Bb7 9. Bb2 Nbd7 10. Rc1 Rc8 11. Qd3 c5 12. cxd5 Nxd5 13. Nxd5 exd5 14. Rfd1 Bf6 15. Qd2 Re8 16. e3 c4 17.
bxc4 dxc4 18. d5 Rc5 19. d6 Bxb2 20. Qxb2 Qa8 21. Qe2 b5 22. Ne1 Bxg2 23. Nxg2 Qc6 24. Nf4 Ne5 25. e4 Nd7 26. f3 f5 27. Rd4 fxe4 28.
fxe4 Rce5 29. Re1 Qb6 30. Qf2 Nf6 31. d7 Rd8 32. Red1 Nxe4 33. Qe3 Rxd7 34. Kg2 Rxd4 35.
Rxd4 Re8 36. h4 Nf6 37. Qd2 Qc6+ 38. Kh2 c3 39. Qc2 Ng4+ 40. Kh3 Ne3 41. Qb3+ Kh8 42. Nd5 Qe6+ 43. Kh2 Ng4+ 44. Kh3 Nf2+ 45. Kh2 Qh3+ 46.
Kg1 Re1+ 47. Kxf2 Qf1# 0-1

[Event "*** Titled Tuesday Blitz"]
[Site "Chess.com"]
[Date "2020.04.21"]
[Round "8"]
[White "SirMittensofMittensville"]
[Black "DanielRensch"]
[Result "1-0"]
[WhiteElo "2676"]
[BlackElo "2492"]
[TimeControl "180+1"]
[EndTime "11:39:09 PDT"]
[Termination "SirMittensofMittensville won on time"]

1. e4 c5 2. c3 d6 3. d4 Nf6 4.
Bd3 g6 5. Nf3 Bg7 6. h3 O-O 7.
dxc5 dxc5 8. Qe2 Nfd7 9. O-O Qc7 10. a4 Nc6 11. Na3 b6 12. Bg5 h6 13. Bh4 a6 14. Bg3 Nce5 15. Nxe5 Bxe5 16. f4 Bg7 17. e5 e6 18. Nc4 Rd8 19. Bh4 Rf8 20.
Nd6 Nb8 21. Rad1 Ra7 22. Be4 Bd7 23. Qg4 Bxa4 24. Rd3 Bc2 25. Rd2 Bxe4 26. Nxe4 Qc6 27.
Nf6+ Kh8 28. Rfd1 c4 29. Kh1 Qc5 30. Rd8 Rc7 31. Ne8 Rc8 32. Rxc8 Qxc8 33. Nxg7 Kxg7 34.
Bf6+ Kh7 35. Qh4 Nd7 36. Bg5 h5 37. Be7 Re8 38. Qg5 Qc6 39. Kh2 Qe4 40. Rxd7 Qc6 41. Rd6 Qe4 42. Rd4 Qe3 43. Bf6 b5 44. Rd7 Rf8 45.
Be7 Re8 46. Bd6 Kg8 47. Qf6 1-0

[Event "*** Titled Tuesday Blitz"]
[Site "Chess.com"]
[Date "2020.04.21"]
[Round "8"]
[White "Jenia84"]
[Black "Jbd735"]
[Result "1/2-1/2"]
[WhiteElo "2302"]
[BlackElo "2436"]
[TimeControl "180+1"]
[EndTime "11:39:09 PDT"]
[Termination "Game drawn by repetition"]

1. Nf3 d5 2. e3 Nf6 3. c4 c6 4. Nc3 e6 5. d4 Nbd7 6. Be2 dxc4 7. Bxc4 b5 8. Bd3 a6 9. O-O c5 10. Ne4 Bb7 11. Nxf6+ Nxf6 12. Be2 Qb6 13. a4 Be7 14.
axb5 axb5 15. Rxa8+ Bxa8 16. dxc5 Bxc5 17. Qb3 b4 18. Bd2 O-O 19. Rc1 Ne4 20. Be1 Rd8 21. h3 h6 22. Ne5 Bd5 23. Bc4 f6 24. Bxd5 Rxd5 25. Nc4 Qb5 26. Nd2 Nxd2 27. Bxd2 Kf7 28. Be1 Rd3 29. Qc2 Bd6 30. Qe2 Qd5 31. Qf3 Qxf3 32.
gxf3 Rb3 33. Rc2 Be5 34. Rc4 Rxb2 35. Bxb4 g5 36. Kg2 Kg6 37. Bc5 h5 38. Bd4 Bxd4 39. Rxd4 e5 40. Rd6 Kf5 41. Ra6 Rc2 42. Rb6 Ra2 43. Rc6 h4 44. Rb6 Rc2 45. Ra6 Rb2 46.
Rc6 Ra2 47. Rb6 Rc2 48. Ra6 Rb2 49. Rc6 Ra2 1/2-1/2

[Event "*** Titled Tuesday Blitz"]
[Site "Chess.com"]
[Date "2020.04.21"]
[Round "8"]
[White "abhidabhi"]
[Black "hedgehog280"]
[Result "0-1"]
[WhiteElo "2802"]
[BlackElo "2675"]
[TimeControl "180+1"]
[EndTime "11:39:10 PDT"]
[Termination "hedgehog280 won on time"]

1. Nf3 d5 2. g3 g6 3. Bg2 Bg7 4. O-O Nf6 5. b3 Ne4 6. d4 O-O 7. Bb2 a5 8. c4 c6 9. Nc3 Nxc3 10. Bxc3 a4 11. e3 Bf5 12. Nd2 b5 13. cxd5 cxd5 14. Qe2 Qd7 15. e4 dxe4 16. Nxe4 Na6 17. bxa4 b4 18.
Bb2 Qxa4 19. Nc5 Nxc5 20. dxc5 Bxb2 21. Qxb2 Rac8 22. Rfc1 Bd7 23. Rc4 Bc6 24. Rxb4 Qa7 25. Bxc6 Rxc6 26. Rb5 Rxc5 27. a4 Rfc8 28. Rxc5 Rxc5 29.
Qb3 h5 30. h4 Ra5 31. Qb4 e6 32. Qc4 Rc5 33. Qb4 Ra5 34. Qb3 Rf5 35. Qb2 Ra5 36.
Rc1 Qd7 37. Qb8+ Kh7 38. Rc8 Qd1+ 39. Kh2 Qd4 40. Kg1 Qd1+ 41. Kh2 Qd4 42. Kg1 Rf5 0-1

[Event "*** Titled Tuesday Blitz"]
[Site "Chess.com"]
[Date "2020.04.21"]
[Round "8"]
[White "djano"]
[Black "Algeriano22"]
[Result "1/2-1/2"]
[WhiteElo "2477"]
[BlackElo "2616"]
[TimeControl "180+1"]
[EndTime "11:39:10 PDT"]
[Termination "Game drawn by repetition"]

1. Nf3 Nf6 2. c4 g6 3. g3 Bg7 4. Bg2 d6 5. O-O O-O 6. d4 Nc6 7. Nc3 Bg4 8. h3 Bxf3 9. Bxf3 Nd7 10. e3 e5 11. Ne2 h6 12. Bg2 f5 13. dxe5 dxe5 14.
Rb1 Kh7 15. b4 e4 16. Nf4 Nde5 17. Ne6 Qxd1 18. Nxf8+ Rxf8 19. Rxd1 Nxc4 20. Rd7 Rc8 21. Bf1 N4e5 22. Rd1 Nd8 23. Bb2 Ndf7 24. Bxe5 Nxe5 25. Be2 Kg8 26. Rbc1 Kf7 27. a4 Ke7 28. Kg2 h5 29.
Rd5 c6 30. Rd2 Bf8 31. f3 exf3+ 32. Bxf3 Rc7 33. b5 c5 34. Kf2 c4 35. Be2 Kf6 36.
Rdc2 Ba3 37. Ra1 Bb4 38. Rb1 Ba5 39. Rbc1 c3 40. Rd1 Ke6 41. Rd4 Bb6 42. Rd1 g5 43. Bxh5 f4 44. gxf4 gxf4 45. Bg4+ Ke7 46. Ke2 Bxe3 47.
Rd5 Kf6 48. Rd6+ Kg5 49. Rd5 Kf6 50. Rd6+ Kg5 51. Rd5 Kf6 1/2-1/2

[Event "*** Titled Tuesday Blitz"]
[Site "Chess.com"]
[Date "2020.04.21"]
[Round "8"]
[White "yamalchess"]
[Black "Manukyan_Artak"]
[Result "1-0"]
[WhiteElo "2535"]
[BlackElo "2371"]
[TimeControl "180+1"]
[EndTime "11:39:10 PDT"]
[Termination "yamalchess won on time"]

1. d4 Nf6 2. c4 e6 3. Nc3 Bb4 4. Nf3 O-O 5. g3 c5 6. Bg2 d5 7.
cxd5 exd5 8. O-O c4 9. Ne5 h6 10. Bf4 Nc6 11. Rc1 Bf5 12. b3 Ba3 13. Nxc6 bxc6 14.
bxc4 Bxc1 15. Qxc1 Ne4 16. Nxe4 Bxe4 17. f3 Bg6 18. Qc3 Re8 19. Re1 Qb6 20. e4 Rad8 21. Bd6 dxc4 22. Bc5 Qa6 23. Bf1 Rb8 24. Bxc4 Qb7 25. Bb3 Kh7 26. Rc1 f5 27. e5 Bf7 28.
Bd6 Rbc8 29. Bxf7 Qxf7 30. Qb3 Qh5 31. Kg2 f4 32. g4 Qg6 33. Qc2 a5 34. Qxg6+ Kxg6 35. Rb1 Ra8 36. Rb7 a4 37. a3 Ra5 38. Rc7 Rb5 39.
Bb4 Re6 40. Kf2 Rd5 41. Bf8 Kg5 42. Rxg7+ 1-0

[Event "*** Titled Tuesday Blitz"]
[Site "Chess.com"]
[Date "2020.04.21"]
[Round "8"]
[White "Leo_C"]
[Black "konradrutkowski"]
[Result "1-0"]
[WhiteElo "2286"]
[BlackElo "2174"]
[TimeControl "180+1"]
[EndTime "11:39:10 PDT"]
[Termination "Leo_C won by resignation"]

1. d4 Nf6 2. c4 g6 3. f3 Bg7 4.
e4 d6 5. Nc3 O-O 6. Be3 c5 7.
dxc5 dxc5 8. Qxd8 Rxd8 9. Bxc5 Nc6 10. Nge2 Nd7 11. Ba3 Nde5 12. Nf4 b6 13. Nfd5 e6 14. Ne7+ Nxe7 15. Bxe7 Rd7 16. Ba3 Ba6 17. Rd1 Rxd1+ 18. Kxd1 Nxc4 19. Bxc4 Bxc4 20. Kc2 Rd8 21. Rd1 Rxd1 22.
Kxd1 a5 23. Kc2 b5 24. b4 Bf8 25. Nb1 axb4 26. Bb2 Bxa2 27. Bd4 Bc4 28. Nd2 f5 29. exf5 gxf5 30. Nb3 Bd6 31. g3 e5 32. Be3 Kf7 33.
Bd2 Ke6 34. Na5 Kd5 35. Nb7 Be7 36. Na5 Be2 37. f4 e4 38. Nb3 Bd3+ 39. Kc1 Bc4 40. Na5 Kd4 41. Nc6+ Kd3 42. Nxe7 e3 43. Bxb4 e2 44.
Nxf5 Ke4 45. Nd6+ Kf3 46. Nxc4 1-0

[Event "*** Titled Tuesday Blitz"]
[Site "Chess.com"]
[Date "2020.04.21"]
[Round "8"]
[White "isla88"]
[Black "StegariuVlad"]
[Result "1-0"]
[WhiteElo "2332"]
[BlackElo "2499"]
[TimeControl "180+1"]
[EndTime "11:39:12 PDT"]
[Termination "isla88 won by resignation"]

1. c4 Nf6 2. Nc3 g6 3. e4 d6 4. d4 Bg7 5. h3 O-O 6. Be3 e5 7. d5 Na6 8. Nge2 Nc5 9. f3 a5 10. g4 Nfd7 11. Qd2 f5 12. gxf5 gxf5 13. exf5 Qh4+ 14.
Bf2 Qxc4 15. Nd4 Qb4 16. a3 Qb6 17. Ne6 Rxf5 18. Nxg7 Kxg7 19. Rg1+ Kf7 20. Rb1 Nf8 21. Qh6 Qb3 22. Qg7+ Ke8 23. Bh4 Rf7 24. Qg5 Bf5 25. Bb5+ c6 26. dxc6 bxc6 27. Bxc6+ Bd7 28. Bd5 Nd3+ 29.
Kd2 Be6 30. Bxb3 Bxb3 31. Kxd3 Rc8 32. Qg4 Be6 33. Qa4+ Bd7 34. Qxa5 Bf5+ 35. Ke2 Bxb1 36. Rxb1 Ng6 37. Qb5+ Kf8 38. Bg3 Kg8 39. Rd1 Rcf8 40.
Rf1 Rf6 41. Qd5+ Kg7 42. Ne4 Rf5 43. Qxd6 R5f6 44. Nxf6 Rxf6 45. Bxe5 Nxe5 46. Qxe5 Kf7 47. Qxf6+ 1-0

[Event "*** Titled Tuesday Blitz"]
[Site "Chess.com"]
[Date "2020.04.21"]
[Round "8"]
[White "binbin239"]
[Black "dennisodessa"]
[Result "1-0"]
[WhiteElo "2446"]
[BlackElo "2298"]
[TimeControl "180+1"]
[EndTime "11:39:12 PDT"]
[Termination "binbin239 won on time"]

1. d4 Nf6 2. c4 e6 3. Nf3 Bb4+ 4. Bd2 a5 5. g3 O-O 6. Bg2 d5 7. O-O dxc4 8. Qc2 Bxd2 9. Nbxd2 b5 10. a4 c6 11. Ne5 Ra6 12. e3 Nd5 13. Rfd1 Nd7 14. b3 c3 15. e4 Nxe5 16. exd5 cxd2 17. dxe5 cxd5 18. axb5 Rb6 19. Rxa5 Bd7 20. Qc5 Rb7 21. b4 Qb8 22. Rxd2 Qxe5 23. Rd1 Rfb8 24. Ra7 g6 25. b6 Qf6 26. b5 Qd8 27. Qd6 Rxa7 28.
bxa7 Rxb5 29. Qxd7 Qxd7 30. a8=Q+ Kg7 31. Qa1+ Kg8 32.
Bf1 Rb8 33. Qe5 Rc8 34. Bg2 Rc2 35. h4 h5 36. Bf3 Qa7 37. Qe3 Qxe3 38. fxe3 Rc3 39.
Kf2 Kg7 40. Re1 Rc2+ 41. Re2 Rc3 42. e4 dxe4 43. Bxe4 Rc4 44. Bf3 Rc5 45. Rd2 Rf5 46. Rd7 Ra5 47. Be2 Ra2 48. Rc7 Ra3 49. Bb5 Kf8 50.
Rc8+ Ke7 51. Rc7+ Kf8 52. Bc4 Ra1 53. Rc8+ Ke7 54. Rc7+ Kf8 55. Kg2 Re1 56. Bb5 Rb1 57. Bc6 1-0

[Event "*** Titled Tuesday Blitz"]
[Site "Chess.com"]
[Date "2020.04.21"]
[Round "8"]
[White "Igrok3069"]
[Black "Paralinch"]
[Result "0-1"]
[WhiteElo "2779"]
[BlackElo "2958"]
[TimeControl "180+1"]
[EndTime "11:39:13 PDT"]
[Termination "Paralinch won on time"]

1. d4 d5 2. c4 dxc4 3. Nf3 a6 4. e3 Nf6 5. Bxc4 e6 6. O-O c5 7. b3 cxd4 8. Nxd4 Bd7 9. Bb2 Nc6 10. Nd2 Be7 11. Be2 O-O 12. Nc4 Rc8 13. Bf3 Nxd4 14. Bxd4 Bc6 15. Rc1 Nd7 16. Bxc6 Rxc6 17. Qg4 Bf6 18. a4 b5 19. axb5 axb5 20. Nd2 Qc7 21.
Rxc6 Qxc6 22. Nf3 Rc8 23. h3 h6 24. Ra1 Qd6 25. Qe4 Nc5 26. Qc2 e5 27. Bb2 e4 28. Nd4 Rc7 29. Ra8+ Kh7 30. Ba3 Qd5 31. Bxc5 Qxa8 32. b4 Bxd4 33. exd4 Qd5 34. g4 f5 35.
gxf5 Qxf5 36. Qe2 Rf7 37. d5 Qg5+ 38. Kf1 Qxd5 39. Qxb5 Qd1+ 40. Kg2 Qf3+ 41. Kg1 Qxh3 42. Qc6 Qg4+ 43. Kf1 Rf6 44. Qd5 Qh3+ 45. Ke1 Qh1+ 46. Ke2 Qf3+ 47. Ke1 Rg6 0-1

[Event "*** Titled Tuesday Blitz"]
[Site "Chess.com"]
[Date "2020.04.21"]
[Round "8"]
[White "EugeneRougon"]
[Black "Ranindu2003"]
[Result "1-0"]
[WhiteElo "2699"]
[BlackElo "2512"]
[TimeControl "180+1"]
[EndTime "11:39:13 PDT"]
[Termination "EugeneRougon won by resignation"]

1. e4 c5 2. Nf3 Nc6 3. Bb5 e6 4.
O-O Nge7 5. d4 cxd4 6. Nxd4 Qb6 7. Nxc6 bxc6 8. Bd3 d5 9. Kh1 Bb7 10. Nc3 Ng6 11.
exd5 cxd5 12. Bb5+ Bc6 13. Be3 Qb7 14. Bxc6+ Qxc6 15. Bd4 f6 16. f4 Bc5 17. Bxc5 Qxc5 18. f5 exf5 19. Rxf5 Rd8 20. Rxd5 Rxd5 21. Qxd5 Qxd5 22. Nxd5 Kf7 23. c4 Ne5 24. b3 Rd8 25. h3 Nd3 26.
Kg1 Re8 27. Rd1 Nc5 28. b4 Na4 29. c5 Rc8 30. Re1 Re8 31. Rxe8 Kxe8 32. Kf2 Kd7 33. Ke3 Nb2 34. Kd4 a6 35. Ne3 Kc6 36. Kc3 Na4+ 37.
Kb3 Kb5 38. Nd5 f5 39. Nc7+ Kc6 40. Nxa6 Kb5 41. Nc7+ Kc6 42. Ne8 Kb5 43. Nd6+ 1-0

[Event "*** Titled Tuesday Blitz"]
[Site "Chess.com"]
[Date "2020.04.21"]
[Round "8"]
[White "Ind1anStar"]
[Black "XiaoKangZhong"]
[Result "0-1"]
[WhiteElo "2574"]
[BlackElo "2378"]
[TimeControl "180+1"]
[EndTime "11:39:13 PDT"]
[Termination "XiaoKangZhong won on time"]

1. c4 Nf6 2. Nc3 e5 3. g3 Nc6 4.
Bg2 Be7 5. e3 O-O 6. Nge2 Re8 7. O-O Bf8 8. d3 d6 9. Rb1 a5 10. a3 g6 11. b4 axb4 12. axb4 Nh5 13. Nd5 Ne7 14. Nec3 c6 15. Nxe7+ Qxe7 16. b5 Bd7 17.
bxc6 bxc6 18. Rb7 Qe6 19. Ne4 Reb8 20. Qb3 Qe8 21. Bf3 f5 22. Ng5 Nf6 23. Bg2 h6 24. Nf3 e4 25. dxe4 Nxe4 26. Nd4 c5 27. Ne2 Bc6 28. Rxb8 Rxb8 29. Qd3 Rb4 30. Nf4 Qf7 31. Nd5 Bxd5 32. cxd5 Bg7 33. Ba3 Ra4 34. Rb1 c4 35.
Qc2 Rxa3 36. Bxe4 fxe4 37. Qxe4 Ra2 38. f4 Qf5 39. Rb8+ Kh7 40. Qe8 h5 41. e4 Qh3 42.
Qg8+ Kh6 43. Qh8+ Bxh8 44. Rxh8+ Kg7 0-1

[Event "*** Titled Tuesday Blitz"]
[Site "Chess.com"]
[Date "2020.04.21"]
[Round "8"]
[White "WeAintSurePal"]
[Black "TregubovP"]
[Result "1-0"]
[WhiteElo "2374"]
[BlackElo "2537"]
[TimeControl "180+1"]
[EndTime "11:39:14 PDT"]
[Termination "WeAintSurePal won by resignation"]

1. d4 Nf6 2. Nf3 e6 3. Bg5 h6 4.
Bh4 Be7 5. Nbd2 b6 6. e4 Bb7 7.
Bd3 d6 8. c3 Nbd7 9. a4 a6 10.
O-O O-O 11. Re1 Nh5 12. Bxe7 Qxe7 13. Bf1 Nf4 14. Nc4 e5 15. d5 f5 16. exf5 Rxf5 17. Ne3 Rf7 18. g3 Ng6 19. Nd2 Raf8 20. Ne4 Nf6 21.
Nxf6+ Rxf6 22. Ng4 R6f7 23. Bd3 Qg5 24. h4 Nxh4 25. gxh4 Qxh4 26. Be4 Rxf2 27. Nxf2 Qxf2+ 28. Kh1 Rf4 29. Qh5 Rh4+ 30. Qxh4 Qxh4+ 31. Kg2 Bc8 32. Re3 Qg5+ 33. Kf2 Qf4+ 34. Ke2 Bg4+ 35. Kd3 h5 36. b4 h4 37. c4 h3 38. a5 h2 39. b5 Bc8 40. Rf3 Qh4 41. Raf1 g6 42. Rf8+ Kg7 43. R1f7+ Kh6 44. Rh8+ Kg5 45. Rxh4 Kxh4 46. Rh7+ Kg3 47. axb6 cxb6 48. Rh8 1-0

[Event "*** Titled Tuesday Blitz"]
[Site "Chess.com"]
[Date "2020.04.21"]
[Round "8"]
[White "KrakenBeast"]
[Black "RiskyDecision"]
[Result "1-0"]
[WhiteElo "2371"]
[BlackElo "2513"]
[TimeControl "180+1"]
[EndTime "11:39:14 PDT"]
[Termination "KrakenBeast won on time"]

1. d4 f5 2. c4 Nf6 3. Nc3 d6 4. Bf4 g6 5. h4 Bg7 6. e3 h6 7.
Nf3 O-O 8. Be2 e6 9. Qd2 Qe7 10. O-O-O Nc6 11. d5 Nb4 12. dxe6 Bxe6 13. Nd4 Bf7 14. Kb1 a5 15. h5 g5 16. Nxf5 Qd7 17. Nxg7 gxf4 18. exf4 Kxg7 19. g4 Kh8 20. Qd4 Be6 21.
f5 Bg8 22. f4 Rae8 23. Bf3 Nc6 24. Bxc6 bxc6 25. c5 Kh7 26. Rhg1 Nd5 27. Ka1 dxc5 28.
Qxc5 Qd6 29. Qd4 Qxf4 30. Qc5 Nxc3 31. Qxc3 Rd8 32. Qxc6 Rxd1+ 33. Rxd1 Qxg4 34. Rd7+ Rf7 35. Qg6+ Qxg6 36. fxg6+ Kg7 37. gxf7 Bxf7 38. Rxc7 Kf6 39. Rxf7+ Kxf7 40. a3 a4 41. b3 Kf6 42. bxa4 Ke6 43. Kb2 Kd6 44. Kc3 Kc6 45. Kd4 Kb6 46. Ke5 Ka5 47.
Kf6 Kxa4 48. Kg6 Kxa3 49. Kxh6 Kb4 50. Kg7 Kc5 51. h6 Kd6 52. h7 Ke7 53. h8=Q Ke6 54.
Qf8 Kd7 55. Qf6 Ke8 56. Qf7+ Kd8 57. Qa7 1-0

[Event "*** Titled Tuesday Blitz"]
[Site "Chess.com"]
[Date "2020.04.21"]
[Round "8"]
[White "Kaua18"]
[Black "whogeeyao"]
[Result "1-0"]
[WhiteElo "2225"]
[BlackElo "2321"]
[TimeControl "180+1"]
[EndTime "11:39:14 PDT"]
[Termination "Kaua18 won by resignation"]

1. e4 c5 2. Nf3 e6 3. d4 cxd4 4. Nxd4 Nc6 5. Nc3 Qc7 6. Be2 Nf6 7.
O-O Be7 8. Be3 O-O 9. f4 d6 10. Kh1 Nxd4 11. Qxd4 b6 12. Rad1 Bb7 13. e5 dxe5 14.
fxe5 Nd5 15. Nxd5 Bxd5 16. Bd3 Qb7 17. Qg4 Rfd8 18. Rxf7 Kxf7 19. Qh5+ Kf8 20. Rf1+ Bf6 21. Qh3 Bxg2+ 22. Qxg2 Qxg2+ 23. Kxg2 Ke7 24. exf6+ gxf6 25. Bd2 h5 26. Bb4+ Kf7 27. Kh3 Rg8 28. Bc3 f5 29.
Bc4 Rae8 30. Rxf5+ Kg6 31. Rf6+ Kg5 32. Bxe6 Rgf8 33.
Rxf8 Rxf8 34. Bd2+ Kf6 35. Bb3 Kf5 36. Kg3 Re8 37. Kf3 Rd8 38. Bb4 a5 39. Bc3 Rd1 40. Bc4 h4 41. Bd3+ Kg5 42. Bd4 b5 43. Bb6 a4 44.
Bxb5 Rh1 45. Bc7 Rb1 46. Be5 a3 47. b3 Rb2 48. Bc4 Rxa2 49. Bd3 h3 50. Bc3 Kh4 51. b4 1-0

[Event "*** Titled Tuesday Blitz"]
[Site "Chess.com"]
[Date "2020.04.21"]
[Round "8"]
[White "cjxchess17"]
[Black "Nellichka"]
[Result "1-0"]
[WhiteElo "2296"]
[BlackElo "2080"]
[TimeControl "180+1"]
[EndTime "11:39:15 PDT"]
[Termination "cjxchess17 won on time"]

1. d4 Nf6 2. c4 c5 3. d5 b5 4.
cxb5 a6 5. bxa6 g6 6. Nc3 Bxa6 7. e4 Bxf1 8. Kxf1 d6 9. Nf3 Bg7 10. g3 O-O 11. Kg2 Nbd7 12. a4 Qa5 13. Re1 Rfb8 14. Nd2 Qb4 15. Ra3 Ne5 16. Qc2 c4 17.
Na2 Qc5 18. Rc3 Nfg4 19. Nxc4 Nd7 20. Ne5 Qa7 21. Nxg4 Bxc3 22. Nxc3 h5 23. Ne3 Nc5 24.
Bd2 Rb3 25. Nc4 Rab8 26. Nb5 Qxa4 27. Nd4 Qa6 28. Nxb3 Nxb3 29. Ne3 Rc8 30. Bc3 Nd4 31. Qd1 e5 32. dxe6 Nxe6 33. Nd5 Kh7 34. Nf6+ Kh6 35.
Qd2+ g5 36. h4 Rg8 37. hxg5+ Rxg5 38. Rh1 Kg6 39. Nd5 Qb7 40. Nf4+ 1-0